Unix NetHack Version 5.0.0-0 post-release - last build May 10 2026 23:12:36 (d1fa5d53e341ca933230fdaa984d921c805b60aa,branch:main).

Game began 2026-05-16 01:58:00, ended 2026-05-16 02:09:32.

AuraMoom, neutral female gnomish Cavewoman

                                    -----          -----
                                    |...|         #-...|
                             #######....|         `|....#
                             #      |...| #########.>..|##
 -----          -------------#      |.>.-##       #|...| #
 |%!%!          |............#      -+---          ----- #
 |%%!%%%        |...........|                            #
 |%!!%%%.@@#####.............                            #### ------------
 |%%%%%%        |...........|                               # |..........|
 -------        -------------                               ##-..........|
                                                              |....<.....|
                                                              |.....%....|
                                                              |..........|
                                                              ------------

AuraMoom the Aborigine   St:16 Dx:13 Co:17 In:9 Wi:11 Ch:9  Neutral
Dlvl:3  $:0  HP:0(38) Pw:14(14) AC:6  Xp:4 T:1138 

Latest messages:
 You see here an acid blob corpse.
 There is an acid blob corpse here; eat it? [ynq] (n) y
 You have a very bad case of stomach acid.
 You finish eating the acid blob corpse.
 The door resists!
 The door opens.
 You kill the iguana!
 There is a doorway here.
 You see here an iguana corpse.
 There is an iguana corpse here; eat it? [ynq] (n) y
 This iguana corpse is tough.
 You finish eating the iguana corpse.
 This door is locked.
 This door is locked.
 This door is locked.
 This door is locked.
 In what direction? 4
 Whammm!!
 In what direction? 4
 Thwack!!
 In what direction? 4
 Whammm!!
 In what direction? 4
 As you kick the door, it crashes open!
 Something is written here in the dust.
 You read: "Closed for inventory".
 In what direction? 4
 Whammm!!
 In what direction? 4
 As you kick the door, it crashes open!
 Feather appears next to you!
 "How dare you break my door?"
 Feather zaps an aluminum wand!
 The wand misses you.
 Feather zaps an aluminum wand!
 The wand hits you!
 You miss Feather.
 Feather zaps a wand of striking!
 The wand hits you!
 You hear the wailing of the Banshee...
 You miss Feather.
 Feather zaps a wand of striking!
 The wand hits you!
 You die...
 Feather takes all your possessions.
 Do you want to see what you had when you died? [ynq] (y) y
 Do you want to see your attributes? [ynq] (y) n
 Do you want an account of creatures vanquished? [ynaq] (y) n
 Do you want to see your conduct and achievements? [ynq] (y) n
 Do you want to see the dungeon overview? [ynq] (y) n

Inventory:
 Weapons  (')')
  b - a +2 sling (alternate weapon; not wielded)
  j - a +1 orcish dagger
  a - a +1 club (weapon in right hand)
 Armor    ('[')
  o - a blessed +1 orcish helm (being worn)
  e - an uncursed +0 leather armor (being worn)
 Comestibles  ('%')
  h - an uncursed food ration
  n - 2 uncursed fortune cookies
  m - an uncursed pancake
  r - an uncursed tin of spinach
 Scrolls  ('?')
  i - a cursed scroll of stinking cloud
 Potions  ('!')
  f - 2 uncursed potions of extra healing
  g - an uncursed potion of hallucination
  q - 2 uncursed potions of healing
  p - an uncursed potion of speed
 Tools    ('(')
  l - an uncursed mirror
 Gems/Stones  ('*')
  k - 2 uncursed worthless pieces of yellowish brown glass
  c - 17 uncursed flint stones (in quiver pouch)
  d - 22 uncursed rocks

AuraMoom the Cavewoman's attributes:

Background:
 You were an Aborigine, a level 4 gnomish Cavewoman.
 You were neutral, nominally on a mission for Ishtar
 who was opposed by Anu (lawful) and Anshar (chaotic).
 You were right-handed.
 You were in the Dungeons of Doom, on level 3.
 You entered the dungeon 1138 turns ago.
 It was nighttime.
 There was a new moon in effect when your adventure ended.
 You had 86 experience points, 74 more were needed to attain level 5.

Basics:
 You had 0 out of 38 hit points.
 You had all 14 energy points (spell power).
 Your armor class was 6.
 Your wallet was empty.
 Autopickup was on for '$"%?+!=/(*' plus thrown, with exceptions.

Final Characteristics:
 Your strength was 16 (limit:18/50).
 Your dexterity was 13 (limit:18).
 Your constitution was 17 (limit:18).
 Your intelligence was 9 (limit:19).
 Your wisdom was 11 (limit:18).
 Your charisma was 9 (limit:18).

Final Status:
 You weren't hungry.
 You were unencumbered.
 You were wielding a club.
 You had basic skill with club.

Final Attributes:
 You had sinned.
 You had infravision.
 You were warded.
 You were unlucky.
 You are dead.

Miscellaneous:
 You didn't encounter any bones levels.
 Total elapsed playing time was 11 minutes and 31 seconds.

Major events:
 Turn
    1: AuraMoom the neutral gnomish Cavewoman entered the dungeon
  528: attained the rank of Aborigine (level 3)
 1138: killed by a wand

You didn't know any spells.

Skills:
 Fighting Skills
   bare handed combat [Basic]
 Weapon Skills
   dagger             [Unskilled]
   knife              [Unskilled]
   axe                [Unskilled]
   pick-axe           [Unskilled]
   club               [Basic]
   mace               [Unskilled]
   morning star       [Unskilled]
   flail              [Unskilled]
   hammer             [Unskilled]
   quarterstaff       [Unskilled]
   polearms           [Unskilled]
   spear              [Unskilled]
   trident            [Unskilled]
   bow                [Unskilled]
   sling              [Basic]
   boomerang          [Unskilled]
   unicorn horn       [Unskilled]
 Spellcasting Skills
   attack spells      [Unskilled]
   matter spells      [Unskilled]

Voluntary challenges:
 Character rerolling was not enabled.
 You were an atheist.
 You were illiterate.
 You never genocided any monsters.
 You never polymorphed an object.
 You never changed form.
 You used no wishes.
Achievements:
 You entered a shop.
 You attained the rank of Aborigine.

 The Dungeons of Doom: levels 1 to 3
    Level 1:
       A fountain.
    Level 2:
       A scroll shop.
    Level 3: <- You were here.
       Final resting place for
          you, killed by a wand.


Vanquished creatures:
  a little dog
 an iguana
 an acid blob
  a gas spore
  a hobgoblin
  a giant rat
  a gecko
  3 jackals
  3 foxes
  2 kobolds
  3 goblins
  2 sewer rats
  3 grid bugs
  6 lichens
  a kobold zombie
  2 newts
32 creatures vanquished.

No species were genocided or became extinct.

Game over:
                       ----------
                      /          \
                     /    REST    \
                    /      IN      \
                   /     PEACE      \
                  /                  \
                  |     AuraMoom     |
                  |       0 Au       |
                  | killed by a wand |
                  |                  |
                  |                  |
                  |                  |
                  |       2026       |
                 *|     *  *  *      | *
        _________)/\\_//(\/(/\)/\//\/|_)_______

Goodbye AuraMoom the Cavewoman...

You died in The Dungeons of Doom on dungeon level 3 with 444 points,
and 0 pieces of gold, after 1138 moves.
You were level 4 with a maximum of 38 hit points when you died.

